 Dungeon Crawl Stone Soup version 0.28.0 (webtiles) character file.

Game seed: 6248919056888326990

5716 vilexy the Destroyer (level 10, -3/58 HPs)
             Began as a Gargoyle Conjurer on Feb 17, 2022.
             Was a Follower of Ru.
             Slain by a death knight (22 damage)
             ... on level 9 of the Dungeon.
             The game lasted 00:31:58 (11626 turns).

vilexy the Destroyer (Gargoyle Conjurer)           Turns: 11626, Time: 00:32:01

Health: -3/58      AC: 12    Str: 11    XL:     10   Next: 76%
Magic:  0/23       EV: 11    Int: 23    God:    Ru [*.....]
Gold:   485        SH:  0    Dex:  8    Spells: 16/27 levels left

rFire   . . .      SeeInvis .   q - +3 dagger
rCold   . . .      Faith    .   (no shield)
rNeg    + + .      Spirit   .   a - +0 robe
rPois   ∞          Reflect  .   (no helmet)
rElec   +          Harm     .   r - +0 cloak
rCorr   .          Rampage  .   d - +0 pair of gloves
Will    .....                   g - +0 pair of boots
Stlth   ++........              (no amulet)
HPRegen 0.19/turn               i - ring of positive energy
MPRegen 0.18/turn               (no ring)

@: flying
A: sickness immunity, AC +7, negative energy resistance 1, electricity
resistance, torment resistance 1, petrification resistance, unskilled 1
a: Renounce Religion


You were on level 9 of the Dungeon.
You worshipped Ru.
Ru was aware of your devotion.
You visited 2 branches of the dungeon, and saw 10 of its levels.

You collected 485 gold pieces.

Inventory:

Hand Weapons
 b - a +0 short sword
 q - a +3 dagger (weapon)
 s - a +3 hand axe of electrocution
Missiles
 F - 4 throwing nets
Armour
 a - a +0 robe (worn)
 d - a +0 pair of gloves (worn)
 g - a +0 pair of boots (worn)
 r - a +0 cloak (worn)
 w - a +1 ring mail of fire resistance
 G - a +0 buckler
Magical Staves
 h - a staff of death
 k - a staff of earth
Jewellery
 i - a ring of positive energy (left hand)
Wands
 v - a wand of polymorph (18)
Scrolls
 c - a scroll of fear
 j - 2 scrolls of amnesia
 l - 3 scrolls of silence
 m - 2 scrolls of brand weapon
 n - a scroll of immolation {unknown}
 o - 4 scrolls of teleportation {unknown}
 p - a scroll of magic mapping {unknown}
 t - 2 scrolls of vulnerability {unknown}
 A - a scroll of fog {unknown}
 B - 3 scrolls of identify
Potions
 e - a potion of flight
 f - a potion of degeneration
 u - a potion of might {unknown}
 x - a potion of haste {unknown}
 z - 2 potions of heal wounds
 C - a potion of attraction {unknown}
 D - a potion of mutation {unknown}
 E - a potion of lignification {unknown}


   Skills:
 + Level 4.5 Fighting
 - Level 1.3 Dodging
 - Level 2.0 Stealth
 + Level 3.0 Shields
 + Level 9.0 Spellcasting
 + Level 11.2 Conjurations


You had 16 spell levels left.
You knew the following spells:

 Your Spells              Type           Power      Damage    Failure   Level
a - Magic Dart            Conj           100%       1d8       1%          1
b - Searing Ray           Conj           100%       2d8       1%          2
c - Fulminant Prism       Conj/Hex       18%        3d11      6%          4
d - Iskenderun's Mystic   Conj/Tloc      36%        2d9       6%          4

Your spell library contained the following spells:

 Spells                   Type           Power      Damage    Failure   Level
 Dazzling Flash           Conj/Hex       72%        N/A       1%          3
 Beastly Appendage        Tmut           20%        N/A       6%          1
 Wereblood                Tmut           10%        N/A       10%         2
 Spider Form              Tmut/Pois      10%        N/A       19%         3


Dungeon Overview and Level Annotations

Branches:
Dungeon (9/15)             Temple (1/1) D:6
   Lair: D:8-11         Orc: D:9-12

Altars:
Ashenzari
Cheibriados
Dithmenos
Elyvilon
Fedhas
Gozag
Hepliaklqana
Kikubaaqudgha
Makhleb
Nemelex Xobeh
Okawaru
Qazlal
Ru
Sif Muna
Trog
Uskayaw
Vehumet
Wu Jian
Xom
Yredelemnul
Zin
The Shining One

Shops:
D:7 ([


Innate Abilities, Weirdness & Mutations

You are immune to sickness and miasma.
Your stone body is resilient. (AC +7)
You are immune to poison.
You resist negative energy. (rN+)
You are resistant to electric shocks. (rElec)
You are resistant to unholy torment.
You are immune to petrification.
You are somewhat unskilled. (-1 Apt)


Message History

The death knight is almost dead.
The death knight hits you with the +8 whip of Thoughtfulness {drain, Fly rC+++ MP-9}.
You hit the death knight but do no damage.
The death knight is almost dead.
The death knight calls down the wrath of Yredelemnul upon you.
Your body is wracked with pain!
* * * LOW HITPOINT WARNING * * *
You hit the death knight.
The death knight is almost dead.
The death knight reflects your damage back at you!
The death knight mumbles some strange prayers to Yredelemnul against you.
You struggle to resist.
You feel much better.
The death knight invokes the aid of Yredelemnul against you.
You struggle to resist.
You feel very buoyant.
You fly up into the air.
The death knight's dark mirror aura disappears.
The death knight hits you with the +8 whip of Thoughtfulness {drain, Fly rC+++ MP-9}!!
Ouch! That really hurt!
* * * LOW HITPOINT WARNING * * *
You feel much better.
The death knight hits you with the +8 whip of Thoughtfulness {drain, Fly rC+++ MP-9}!
Casting: Searing Ray (safe; 1% risk of failure)
Confirm with . or Enter, or press ? or * to list all spells.
Aiming: Magic Dart (safe; 1% risk of failure)
Press: ? - help, Shift-Dir - straight line, f/p - death knight
Aim: a death knight, wielding the +8 whip of Thoughtfulness {drain, Fly rC+++ MP-9} and wearing a +0 plate armour (almost dead, covered in acid, 100% to hit)
The magic dart hits the death knight but does no damage.
The death knight is almost dead.
The death knight barely misses you.
Casting: Magic Dart (safe; 1% risk of failure)
Confirm with . or Enter, or press ? or * to list all spells.
Aiming: Magic Dart (safe; 1% risk of failure)
Press: ? - help, Shift-Dir - straight line, f/p - death knight
Aim: a death knight, wielding the +8 whip of Thoughtfulness {drain, Fly rC+++ MP-9} and wearing a +0 plate armour (almost dead, covered in acid, 100% to hit)
The magic dart hits the death knight.
The death knight is almost dead.
The death knight hits you with the +8 whip of Thoughtfulness {drain, Fly rC+++ MP-9}!!
You die...

#.............# Y.
.............. . ..
#.........#.# ## .. ..
#.........#.# #< #.. #.
#..!(.....#.# #. ....##.
#.........#[######. .......
#..).....)#........
#.#....######....######.######.
#........)...p@...).....# #.
#######.##############.## #.
#.# #.# ## #.###### #†#
#####......# #.# ........)*#.#
#.# #########...# #.# ##.## #.#
####*#### #.#


You could see a death knight (corroded).

Vanquished Creatures
  Harold (D:8)
  A two-headed ogre (D:9)
  A cyclops (D:9)
  An efreet (D:9)
  Sigmund (D:4)
  2 yaks (D:9)
  Menkaure (D:5)
  A water moccasin (D:6)
  An acid dragon (D:9)
  Duvessa (D:4)
  2 black bears
  3 ogres
  A necrophage (D:6)
  2 hornet zombies
  5 centaurs
  Blork the orc (D:4)
  7 bullfrogs
  2 scorpions
  Dowan (D:4)
  A wight (D:8)
  A howler monkey (D:6)
  2 jellies
  A gnoll shaman (D:8)
  9 orc priests
  3 hounds
  A bullfrog skeleton (D:5)
  A centaur skeleton (D:4)
  2 iguanas
  Terence (D:2)
  11 orc wizards
  Natasha (twice) (D:2)
  A killer bee zombie (D:4)
  3 gnolls (D:8)
  7 adders
  2 shadow imps
  An adder zombie (D:3)
  An adder skeleton (D:4)
  A worm (D:2)
  2 dart slugs
  21 orcs
  5 bats
  6 endoplasms
  2 giant cockroaches
  5 goblins
  3 hobgoblins
  8 jackals
  10 kobolds
  6 quokkas
  8 ball pythons
  2 frilled lizards (D:1)
  3 rats
167 creatures vanquished.

Vanquished Creatures (others)
  26 fulminant prisms
26 creatures vanquished.

Grand Total: 193 creatures vanquished

Notes
Turn   | Place    | Note
-------+----------+-------------------------------------------
     0 | D:1      | vilexy the Gargoyle Conjurer began the quest for the Orb.
     0 | D:1      | Reached XP level 1. HP: 10/10 MP: 3/3
   188 | D:1      | Reached XP level 2. HP: 15/15 MP: 0/5
   335 | D:1      | Learned a level 2 spell: Searing Ray
   839 | D:2      | Reached XP level 3. HP: 19/19 MP: 3/6
  1077 | D:2      | Noticed Terence
  1130 | D:2      | Killed Terence
  1131 | D:2      | Reached skill level 5 in Conjurations
  1461 | D:2      | Reached XP level 4. HP: 24/24 MP: 5/8
  1566 | D:2      | Noticed Natasha
  1569 | D:2      | Killed Natasha
  1654 | D:2      | Found a faded altar of an unknown god.
  2037 | D:2      | Noticed Natasha
  2041 | D:2      | Killed Natasha
  2042 | D:2      | Reached XP level 5. HP: 28/28 MP: 5/10
  2494 | D:3      | Reached skill level 6 in Conjurations
  2851 | D:3      | Reached XP level 6. HP: 13/32 MP: 4/12
  3051 | D:3      | Learned a level 4 spell: Fulminant Prism
  3056 | D:3      | Learned a level 4 spell: Iskenderun's Mystic Blast
  3891 | D:4      | Noticed Blork the orc
  3897 | D:4      | Killed Blork the orc
  4081 | D:4      | Noticed Duvessa
  4081 | D:4      | Noticed Dowan
  4097 | D:4      | Noticed Sigmund
  4657 | D:3      | Reached skill level 7 in Conjurations
  4657 | D:3      | Reached XP level 7. HP: 13/36 MP: 4/14
  5000 | D:4      | Reached skill level 5 in Spellcasting
  5164 | D:4      | Killed Sigmund
  5480 | D:4      | Reached skill level 8 in Conjurations
  5519 | D:4      | Killed Dowan
  5537 | D:4      | Killed Duvessa
  5538 | D:4      | Reached XP level 8. HP: 28/41 MP: 7/17
  5816 | D:5      | Entered Level 5 of the Dungeon
  5826 | D:5      | Noticed Menkaure
  5873 | D:5      | Killed Menkaure
  6205 | D:5      | Reached skill level 9 in Conjurations
  7403 | D:6      | Reached XP level 9. HP: 38/45 MP: 13/20
  7487 | D:6      | Found a staircase to the Ecumenical Temple.
  7493 | D:6      | Reached skill level 10 in Conjurations
  7513 | Temple   | Entered the Ecumenical Temple
  7707 | Temple   | Became a worshipper of Ru the Awakened
  8933 | D:7      | Found Nielem's Weapon Boutique.
  9109 | D:7      | Found Yzikusy's Armour Emporium.
  9291 | D:7      | Reached skill level 11 in Conjurations
  9856 | D:8      | Reached skill level 1 in Fighting
  9872 | D:8      | Gained mutation: You are somewhat unskilled. (-1 Apt) [Ru
                  | sacrifice]
  9872 | D:8      | Reduced skill Conjurations to level 10
  9872 | D:8      | Reached * piety under Ru
 10220 | D:8      | Noticed Harold
 10234 | D:8      | Killed Harold
 10235 | D:8      | Reached XP level 10. HP: 44/56 MP: 0/22
 10526 | D:8      | Found a broken altar of Ashenzari.
 10526 | D:8      | Found a snail-covered altar of Cheibriados.
 11128 | D:9      | Noticed a cyclops
 11135 | D:9      | Killed a cyclops
 11136 | D:9      | Reached skill level 1 in Shields
 11369 | D:9      | Noticed a two-headed ogre
 11377 | D:9      | Killed a two-headed ogre
 11378 | D:9      | Reached skill level 11 in Conjurations
 11577 | D:9      | Identified the +8 whip of Thoughtfulness {drain, Fly rC+++
                  | MP-9}
 11577 | D:9      | Noticed a death knight
 11626 | D:9      | Slain by a death knight

Illustrated notes

Levels and vault maps discovered:
D:1:      lightli_arrival_noodles, layout_rooms
D:2:      layout_basic, hellmonk_ecumenical_altar_crossroads, uniq_natasha,
          uniq_terence
D:3:      layout_basic, kennysheep_potato
D:4:      layout_cave_pools, minmay_misc_feat_tower, minmay_starry_boxes,
          uniq_sigmund, uniq_duvessa, uniq_blork_the_orc
D:5:      layout_loops_cross, serial_co_window_serial, co_window_corner_a,
          co_window_corner_a, co_window_paths_b, co_window_corner_a,
          co_window_of_opportunity_a, co_window_of_opportunity_b,
          co_window_corner_cb, co_window_2corner, co_window_broadway_c,
          co_window_corner_b, co_window_unsneaky_path_c, co_window_cross_4,
          glass_columns_a, glass_columns_a, uniq_menkaure
D:6:      layout_basic, minmay_temple_entry_glass, kennysheep_generic_room_7
D:7:      layout_loops_ring, serial_shops, nicolae_take_the_stairs,
          nicolae_shop_behind_doors
D:8:      layout_cave_pods, jmf_multi_god_temple, uniq_harold
D:9:      minmay_cut_squares, layout_loops_ring, david_lair_generic,
          serial_shops, nicolae_square_shop
Temple:   mainiacjoe_temple_big_plus

Skill      XL: |  1  2  3  4  5  6  7  8  9 10 |
---------------+-------------------------------+-----
Spellcasting   | 3 4 6 7 8 9 |  9.0
Conjurations   | 5 6 7 8 9 10 11 | 11.2
Fighting       | 3 4 |  4.5
Shields        | 3 |  3.0
Dodging        | |  1.3
Stealth        | |  2.0

Action                   |  1- 3 |  4- 6 |  7- 9 | 10-12 || total
-------------------------+-------+-------+-------+-------++-------
Melee: Short sword       |    10 |     7 |       |       ||    17
       Dagger            |       |       |    18 |     3 ||    21
       Punch             |       |       |     1 |       ||     1
 Cast: Magic Dart        |    49 |    69 |   102 |    20 ||   240
       Searing Ray       |     4 |    19 |    61 |     5 ||    89
       Fulminant Prism   |       |       |     5 |    21 ||    26
Invok: Sacrifice Skill   |       |       |     1 |       ||     1
Evoke: Wand              |       |       |     1 |     4 ||     5
  Use: Potion            |     1 |       |     3 |     4 ||     8
       Scroll            |       |       |     7 |       ||     7
Armor: Robe              |     9 |    20 |    43 |     1 ||    73
Dodge: Dodged            |    12 |    29 |    49 |     8 ||    98
